AoeStats
← ska_18

Arena

509585953Analyzed
3v3 RM · 3d ago on Sep 27, 2026· 47m 17s· 6 players
Game mode
Random Map
Map size
Normal (6 player)
Population
200
Speed
Normal
Resources
Standard
Victory
Conquest
Starting age
Dark Age
Ending age
Imperial Age
RankedLock teamsTeams togetherTeam positionsShared explorationLock speedFull tech treeHidden civsTurbo modeCheats
Victory
Defeat
🇦🇹 Saracens · Austria
918
+14
🇹🇷 Britons · Türkiye
869
+16
🇪🇸 Bulgarians · Spain
821
+18
🇹🇷 Britons · Türkiye
940
-20
🇯🇵 Malay · Japan
854
-15
🇸🇪 Teutons · Sweden
805
-13
ska_18
10:10 Feudal Age
13:08 Loom
15:36 Castle Age
13:52 Double-Bit Axe
14:12 Horse Collar
17:41 Bow Saw
18:09 Wheelbarrow
21:16 Town Watch
23:00 Hand Cart
24:18 Forging
24:14 Scale Barding Armor
24:42 Gold Mining
24:42 Stone Mining
26:29 Iron Casting
27:35 Fervor
27:46 Sanctity
30:10 Imperial Age
29:59 Chain Barding Armor
29:30 Fletching
29:53 Masonry
29:54 Fortified Wall
30:33 Murder Holes
31:55 Chemistry
30:53 Murder Holes
31:16 Bloodlines
31:06 Husbandry
30:28 Light Cavalry
31:32 Conscription
32:10 Hoardings
31:45 Bimaristan
31:57 Elite Mameluke
33:45 Plate Barding Armor
33:06 Bodkin Arrow
34:02 Town Patrol
35:49 Blast Furnace
35:04 Bimaristan
35:30 Coinage
35:39 Gold Shaft Mining
35:13 Heavy Plow
36:15 Two-Man Saw
37:27 Banking
38:18 Block Printing
38:07 Bracer
39:45 Siege Engineers
flamelnico7518
0:40 Loom
11:04 Feudal Age
11:43 Double-Bit Axe
11:41 Horse Collar
16:40 Castle Age
17:37 Bow Saw
21:51 Fletching
22:34 Gold Mining
23:29 Fletching
24:43 Gold Shaft Mining
24:50 Bodkin Arrow
27:15 Caravan
35:26 Imperial Age
33:11 Padded Archer Armor
33:38 Heavy Plow
34:04 Leather Archer Armor
34:57 Yeomen
34:57 Leather Archer Armor
35:29 Elite Longbowman
36:21 Bracer
39:33 Warwolf
txarli
0:27 Loom
12:33 Feudal Age
13:50 Wheelbarrow
13:04 Double-Bit Axe
13:33 Horse Collar
14:17 Town Watch
21:41 Castle Age
20:58 Gold Mining
21:02 Stone Mining
22:37 Hand Cart
22:48 Bow Saw
22:54 Heavy Plow
25:31 Caravan
26:19 Stone Shaft Mining
26:19 Gold Shaft Mining
25:38 Fletching
27:14 Squires
30:01 Murder Holes
30:27 Ballistics
30:19 Masonry
30:08 Bodkin Arrow
36:00 Imperial Age
34:01 Forging
33:56 Scale Barding Armor
33:52 Scale Mail Armor
34:25 Husbandry
34:36 Bloodlines
35:49 Chain Mail Armor
36:06 Cavalier
38:52 Bagains
39:15 Conscription
39:08 Stirrups
39:05 Heavy Scorpion
42:31 Iron Casting
42:05 Town Patrol
45:04 Siege Engineers
46:08 Chemistry
45:39 Architecture
48:16 Plate Mail Armor
Börü 𐰋𐰇𐰼𐰇
1:03 Loom
12:06 Feudal Age
17:34 Castle Age
16:45 Fletching
17:26 Double-Bit Axe
18:41 Stone Mining
18:41 Gold Mining
19:15 Bow Saw
23:26 Wheelbarrow
25:45 Ballistics
25:36 Treadmill Crane
27:55 Horse Collar
28:40 Bodkin Arrow
28:45 Padded Archer Armor
29:56 Yeomen
32:57 Imperial Age
30:41 Padded Archer Armor
31:40 Leather Archer Armor
31:57 Hand Cart
32:05 Pikeman
32:46 Squires
32:31 Arson
34:40 Chemistry
33:36 Murder Holes
33:43 Bracer
34:16 Conscription
33:38 Halberdier
34:35 Heavy Plow
35:10 Elite Longbowman
35:52 Warwolf
37:13 Ring Archer Armor
36:54 Forging
36:48 Scale Mail Armor
37:27 Gold Shaft Mining
39:46 Iron Casting
41:57 Blast Furnace
41:12 Chain Mail Armor
42:01 Two-Man Saw
45:07 Fortified Wall
GABR1EL
10:59 Feudal Age
13:21 Double-Bit Axe
13:19 Horse Collar
13:32 Gold Mining
15:05 Wheelbarrow
15:13 Stone Mining
20:38 Castle Age
19:58 Fletching
22:37 Bow Saw
23:44 Stone Shaft Mining
23:06 Bodkin Arrow
30:23 Imperial Age
28:14 Heavy Plow
28:49 Caravan
29:27 Bloodlines
32:14 Two-Man Saw
32:48 Crop Rotation
33:25 Chemistry
32:41 Forging
33:09 Scale Mail Armor
33:15 Scale Barding Armor
33:10 Padded Archer Armor
33:08 Loom
33:25 Capped Ram
34:23 Fortified Wall
36:29 Iron Casting
36:10 Chain Mail Armor
36:10 Leather Archer Armor
36:19 Ballistics
35:34 Pikeman
36:15 Squires
36:38 Ironclad
36:32 Cavalier
37:53 Crenellations
39:16 Heavy Scorpion
40:33 Plate Mail Armor
41:04 Blast Furnace
40:25 Chain Barding Armor
41:13 Masonry
40:49 Arrowslits
44:42 Halberdier
45:08 Arson
46:07 Plate Barding Armor
Lubuntu10.04LTS
11:54 Feudal Age
15:15 Castle Age
13:11 Double-Bit Axe
13:44 Horse Collar
15:58 Bow Saw
20:50 Stone Mining
22:33 Wheelbarrow
25:56 Loom
29:26 Imperial Age
27:00 Gold Mining
27:46 Hand Cart
27:54 Hand Cart
27:29 Town Watch
28:24 Man-at-Arms
29:05 Squires
29:19 Heavy Plow
29:42 Forced Levy
30:03 Conscription
29:06 Long Swordsman
29:36 Arson
30:07 Forging
29:50 Fletching
30:05 Pikeman
31:32 Iron Casting
30:42 Elite Karambit Warrior
30:44 Two-Handed Swordsman
30:47 Halberdier
32:28 Crop Rotation
32:47 Gold Shaft Mining
32:54 Stone Shaft Mining
34:07 Town Patrol
35:42 Blast Furnace
34:38 Bodkin Arrow
34:43 Padded Archer Armor
34:49 Scale Barding Armor
38:06 Chemistry
36:47 Treadmill Crane
37:18 Masonry
37:14 Siege Engineers
37:04 Murder Holes
37:32 Ballistics
Connection lost

Rejoining the realm…

Still unreachable

The connection could not be restored.

Session expired

The server has moved on; the page needs a fresh start.